[Event "RUS-ch Women Rapid 2019"]
[Site "Sochi"]
[Date "2019.10.15"]
[Round "1.1"]
[White "Pogonina, Natalija"]
[Black "Dubnikova, Anastasia"]
[Result "1-0"]
[ECO "E09"]
[WhiteElo "2501"]
[BlackElo "1950"]
[Annotator "ChessBase"]
[PlyCount "133"]
[EventDate "2019.10.15"]
[EventType "swiss"]
[EventCountry "RUS"]
[SourceTitle "playchess.com"]
[Source "ChessBase"]
[SourceQuality "1"]
[TimeControl "900+10"]

1. d4 d5 2. g3 Nf6 3. Bg2 e6 4. c4 Be7 5. Nf3 O-O 6. O-O Nbd7 7. Qc2 c6 8. Nbd2 b6 9. e4 dxc4 10. Nxc4 Bb7 11. Ne3 c5 12. d5 exd5 13. exd5 Nxd5 14. Nxd5 Bxd5 15. Rd1 Be6 16. Ne5 Nxe5 17. Rxd8 Raxd8 18. Be4 h6 19. Bf4 Bf6 20. Re1 Kh8 21. b3 Rfe8 22. Bxe5 Bxe5 23. Bc6 Bd7 24. Bxd7 Rxd7 25. Qc4 Kg8 26. Kg2 Rde7 27. Qa4 Kf8 28. Qc6 Re6 29. Qd5 g6 30. Kf1 Bd4 31. Rxe6 Rxe6 32. Qa8+ Kg7 33. Qxa7 Rf6 34. f4 g5 35. Ke1 gxf4 36. gxf4 b5 37. a4 bxa4 38. bxa4 Rxf4 39. a5 c4 40. Qc7 Re4+ 41. Kd1 c3 42. a6 Be5 43. Qc6 Rd4+ 44. Ke2 Rd2+ 45. Kf3 Ra2 46. Qd5 Rxa6 47. Qxe5+ Rf6+ 48. Kg4 Kg6 49. Qxc3 Re6 50. Qd3+ Kg7 51. h4 Rg6+ 52. Kf5 Rf6+ 53. Ke5 Re6+ 54. Kd5 Rg6 55. Qd4+ Kg8 56. Qf4 Kg7 57. Qf3 Rf6 58. Qg4+ Rg6 59. Qd1 Kf6 60. h5 Rg5+ 61. Kd6 Rf5 62. Qg4 Rg5 63. Qf4+ Kg7 64. Ke7 f6 65. Qxf6+ Kh7 66. Kf7 Rg8 67. Qg6+ 1-0

[Event "RUS-ch Women Rapid 2019"]
[Site "Sochi"]
[Date "2019.10.15"]
[Round "1.2"]
[White "Kochukova, Anna"]
[Black "Bodnaruk, Anastasia"]
[Result "0-1"]
[ECO "B53"]
[WhiteElo "1947"]
[BlackElo "2449"]
[Annotator "NA"]
[PlyCount "54"]
[EventDate "2019.10.15"]
[EventType "swiss"]
[EventCountry "RUS"]
[SourceTitle "playchess.com"]
[Source "ChessBase"]
[SourceQuality "1"]
[TimeControl "900+10"]

1. e4 c5 2. Nf3 d6 3. d4 cxd4 4. Qxd4 a6 5. c4 Nc6 6. Qe3 Nf6 7. h3 g6 8. Nc3 Bg7 9. Be2 O-O 10. O-O Nd7 11. Rd1 Nc5 12. Rb1 f5 13. b4 f4 14. Qd2 Ne6 15. Nd5 Ned4 16. Bb2 Nxf3+ 17. Bxf3 Bxb2 18. Rxb2 Ne5 19. Qe2 e6 20. Nc3 Qc7 21. c5 dxc5 22. bxc5 Bd7 23. Rc1 Qxc5 24. Rxb7 Rac8 25. Qxa6 Rc6 26. Qf1 Rfc8 27. Rbb1 Nxf3+ 0-1

[Event "RUS-ch Women Rapid 2019"]
[Site "Sochi"]
[Date "2019.10.15"]
[Round "1.3"]
[White "Voit, Daria"]
[Black "Koroleva, Evgeniya"]
[Result "1-0"]
[ECO "D26"]
[WhiteElo "2361"]
[BlackElo "1939"]
[Annotator "NA"]
[PlyCount "99"]
[EventDate "2019.10.15"]
[EventType "swiss"]
[EventCountry "RUS"]
[SourceTitle "playchess.com"]
[Source "ChessBase"]
[SourceQuality "1"]
[TimeControl "900+10"]

1. d4 d5 2. c4 dxc4 3. Nf3 Nf6 4. e3 e6 5. Bxc4 a6 6. O-O Nbd7 7. Nc3 c5 8. a4 Qc7 9. Qe2 Bd6 10. h3 O-O 11. e4 cxd4 12. Nxd4 Ne5 13. Ba2 Ng6 14. Rd1 b6 15. Be3 Bb7 16. Rac1 Qb8 17. f3 Bf4 18. Rc2 Bxe3+ 19. Qxe3 Rd8 20. Nde2 Rxd1+ 21. Nxd1 Qd6 22. Rd2 Qb4 23. Qd4 Qxd4+ 24. Rxd4 Rc8 25. Rd6 Rc6 26. Rd8+ Nf8 27. Ne3 N6d7 28. Nc4 h6 29. Nd4 Rc7 30. b4 Kh7 31. Nd6 Kg8 32. Bb3 g6 33. Kf2 Ne5 34. Bxe6 fxe6 35. Nxe6 Rc2+ 36. Kg3 Ned7 37. Nxb7 Kf7 38. Nxf8 Nxf8 39. Rd6 b5 40. Rxa6 bxa4 41. Rxa4 g5 42. Nd6+ Kg6 43. Nf5 h5 44. Ra6+ Kf7 45. h4 gxh4+ 46. Nxh4 Ne6 47. Nf5 Rb2 48. Rb6 Nf8 49. e5 Nd7 50. e6+ 1-0

[Event "RUS-ch Women Rapid 2019"]
[Site "Sochi"]
[Date "2019.10.15"]
[Round "1.4"]
[White "Kovaleva, Ekaterina"]
[Black "Ambartsumova, Karina"]
[Result "0-1"]
[ECO "B43"]
[WhiteElo "1919"]
[BlackElo "2336"]
[Annotator "NA"]
[PlyCount "85"]
[EventDate "2019.10.15"]
[EventType "swiss"]
[EventCountry "RUS"]
[SourceTitle "playchess.com"]
[Source "ChessBase"]
[SourceQuality "1"]
[TimeControl "900+10"]

1. e4 c5 2. Nf3 e6 3. d4 cxd4 4. Nxd4 a6 5. Nc3 b5 6. Bd3 Qb6 7. Nb3 Qc7 8. O-O Bb7 9. f4 Nf6 10. a3 Be7 11. Be3 d6 12. f5 e5 13. Qf3 h5 14. h3 h4 15. Rad1 Nbd7 16. Rfe1 Rd8 17. Bf2 Kf8 18. Bf1 Bc6 19. Qe3 Rb8 20. Qf3 Nb6 21. Nd2 d5 22. Kh1 d4 23. Ne2 Qb7 24. Nc1 Na4 25. Nd3 Qc7 26. Rb1 a5 27. Nc1 Nc5 28. Bd3 Nh5 29. Ne2 Bg5 30. Red1 Nf6 31. b4 Bxd2 32. bxc5 Bg5 33. c3 dxc3 34. Nxc3 b4 35. axb4 axb4 36. Nd5 Qa5 37. Ra1 Qd8 38. Bc4 Qc8 39. Ra7 Bb7 40. Bb3 Nd7 41. Nxb4 Nxc5 42. Bxc5+ Qxc5 43. Ra4 0-1

[Event "RUS-ch Women Rapid 2019"]
[Site "Sochi"]
[Date "2019.10.15"]
[Round "1.5"]
[White "Guseva, Marina"]
[Black "Mironenko, Galina"]
[Result "1-0"]
[ECO "E25"]
[WhiteElo "2335"]
[BlackElo "1916"]
[Annotator "NA"]
[PlyCount "73"]
[EventDate "2019.10.15"]
[EventType "swiss"]
[EventCountry "RUS"]
[SourceTitle "playchess.com"]
[Source "ChessBase"]
[SourceQuality "1"]
[TimeControl "900+10"]

1. d4 Nf6 2. c4 e6 3. Nc3 Bb4 4. f3 d5 5. a3 Bxc3+ 6. bxc3 c5 7. cxd5 Nxd5 8. dxc5 Qa5 9. e4 Nf6 10. Be3 O-O 11. Qb3 Nfd7 12. a4 b6 13. Qb4 Nc6 14. Qxa5 Nxa5 15. cxb6 axb6 16. Bb5 Nb3 17. Rb1 Nbc5 18. Ne2 Ba6 19. O-O Rfc8 20. Rfd1 Ne5 21. Bxc5 bxc5 22. Nf4 g6 23. Nd3 Nc4 24. Bxc4 Bxc4 25. Ne5 Ba6 26. Rd7 Rf8 27. Rc7 Rac8 28. Rxc8 Rxc8 29. Rb6 Be2 30. Kf2 Bd1 31. a5 f6 32. Nc6 Kf8 33. a6 Ba4 34. Nb8 Rc7 35. Rb7 Rxb7 36. axb7 Ke8 37. Na6 1-0

[Event "RUS-ch Women Rapid 2019"]
[Site "Sochi"]
[Date "2019.10.15"]
[Round "1.6"]
[White "Serditykh, Olesya"]
[Black "Maltsevskaya, Aleksandra"]
[Result "0-1"]
[ECO "A45"]
[WhiteElo "1915"]
[BlackElo "2304"]
[Annotator "NA"]
[PlyCount "114"]
[EventDate "2019.10.15"]
[EventType "swiss"]
[EventCountry "RUS"]
[SourceTitle "playchess.com"]
[Source "ChessBase"]
[SourceQuality "1"]
[TimeControl "900+10"]

1. d4 Nf6 2. Bg5 Ne4 3. Bf4 c5 4. f3 Qa5+ 5. c3 Nf6 6. d5 e6 7. e4 exd5 8. exd5 d6 9. Qe2+ Be7 10. Bxd6 Nxd5 11. Qb5+ Qxb5 12. Bxb5+ Bd7 13. Bxd7+ Nxd7 14. Bxe7 Nxe7 15. Na3 O-O-O 16. O-O-O Ne5 17. Rxd8+ Rxd8 18. Nh3 Nf5 19. Nf2 Nh4 20. Rg1 Neg6 21. Nh3 Re8 22. Nb5 Re2 23. Nd6+ Kb8 24. Ne4 Nxg2 25. Ng3 N2f4 26. Nxe2 Nxe2+ 27. Kd2 Nxg1 28. Nxg1 Kc7 29. Nh3 Ne5 30. Ke2 f6 31. Nf4 Kd6 32. Nh5 Nc4 33. b3 Nb6 34. Nxg7 c4 35. Nh5 Ke5 36. f4+ Ke6 37. Ke3 Nd5+ 38. Kd4 cxb3 39. axb3 Ne7 40. Ke4 Nc8 41. f5+ Ke7 42. Ng3 Nd6+ 43. Kd5 Nb5 44. Kc4 a6 45. Kb4 Kd6 46. c4 Nd4 47. Kc3 Nc6 48. b4 Ke5 49. b5 axb5 50. cxb5 Nd4 51. Kc4 b6 52. Nf1 Nxf5 53. Nd2 Nd6+ 54. Kb4 f5 55. Nf3+ Kf4 56. Nd4 Ke4 57. Ne6 h6 0-1

[Event "RUS-ch Women Rapid 2019"]
[Site "Sochi"]
[Date "2019.10.15"]
[Round "1.7"]
[White "Charochkina, Daria"]
[Black "But, Svetlana"]
[Result "1-0"]
[ECO "D35"]
[WhiteElo "2289"]
[BlackElo "1910"]
[Annotator "NA"]
[PlyCount "159"]
[EventDate "2019.10.15"]
[EventType "swiss"]
[EventCountry "RUS"]
[SourceTitle "playchess.com"]
[Source "ChessBase"]
[SourceQuality "1"]
[TimeControl "900+10"]

1. d4 d5 2. c4 e6 3. Nc3 Nf6 4. cxd5 exd5 5. Bg5 Be7 6. e3 c6 7. Qc2 Nbd7 8. h3 Nf8 9. Bd3 Ng6 10. O-O-O Qa5 11. Nge2 Bd7 12. f4 Nf8 13. f5 O-O-O 14. Bf4 Be8 15. g4 h6 16. Ng1 Bd6 17. Nf3 Bxf4 18. exf4 N6d7 19. Ne5 f6 20. Ng6 Nxg6 21. fxg6 Nb6 22. Rhe1 Qb4 23. Qe2 Bd7 24. Bf5 Bxf5 25. gxf5 Rd7 26. Rd3 Nc4 27. a3 Qd6 28. Qe6 Qxf4+ 29. Kb1 Rhd8 30. Na4 Qd6 31. Qe2 Kb8 32. Nc5 Rc7 33. Rb3 Nb6 34. a4 Ka8 35. a5 Nc4 36. a6 b6 37. Nb7 Rxb7 38. axb7+ Kxb7 39. Rf3 Rd7 40. Rf2 Qb4 41. Kc1 Rc7 42. Rd1 Re7 43. Qd3 Re3 44. Qc2 Rxh3 45. Re2 Re3 46. Rd3 Re7 47. b3 Qa3+ 48. Kb1 Na5 49. Rde3 Rc7 50. Qb2 Qd6 51. Rf3 Qb4 52. Qc3 Qb5 53. Rfe3 Nc4 54. Re7 Nd6 55. Rxc7+ Kxc7 56. Re7+ Kd8 57. Rxg7 Qf1+ 58. Ka2 Qf2+ 59. Qb2 Qxf5 60. Rg8+ Kc7 61. g7 Qg6 62. Ra8 Qxg7 63. Rxa7+ Nb7 64. Qh2+ Kc8 65. Ra8+ Kd7 66. Qb8 Ke6 67. Qe8+ Kf5 68. Qxc6 Qg2+ 69. Ka3 Qg7 70. Qxd5+ Kf4 71. Rg8 Qe7+ 72. Ka4 Nd6 73. Rg1 b5+ 74. Ka5 Qc7+ 75. Kb4 Ke3 76. Qe6+ Kf2 77. Qe1+ Kf3 78. Rf1+ Kg4 79. Qe2+ Kg5 80. Qg2+ 1-0

[Event "RUS-ch Women Rapid 2019"]
[Site "Sochi"]
[Date "2019.10.15"]
[Round "1.8"]
[White "Chan, Naruna"]
[Black "Kovanova, Baira"]
[Result "0-1"]
[ECO "C95"]
[WhiteElo "1890"]
[BlackElo "2288"]
[Annotator "NA"]
[PlyCount "74"]
[EventDate "2019.10.15"]
[EventType "swiss"]
[EventCountry "RUS"]
[SourceTitle "playchess.com"]
[Source "ChessBase"]
[SourceQuality "1"]
[TimeControl "900+10"]

1. e4 e5 2. Nf3 Nc6 3. Bb5 a6 4. Ba4 Nf6 5. O-O Be7 6. Re1 b5 7. Bb3 d6 8. c3 O-O 9. h3 Nb8 10. d4 Nbd7 11. Nbd2 Bb7 12. Bc2 Re8 13. Nf1 Bf8 14. Ng3 g6 15. Bg5 h6 16. Bd2 Bg7 17. Qc1 Kh7 18. dxe5 dxe5 19. Be3 Qe7 20. a4 Nc5 21. Bxc5 Qxc5 22. Qd2 Red8 23. Qe2 Bc6 24. Red1 Nd7 25. Bb3 Qe7 26. Bd5 Bxd5 27. Rxd5 c6 28. Rdd1 Nc5 29. axb5 axb5 30. h4 Rxa1 31. Rxa1 Ne6 32. Qe3 Nf4 33. Qb6 Qd6 34. Qb7 Qf6 35. Kh2 Rd3 36. Ne1 Rd2 37. Kg1 Nxg2 0-1

[Event "RUS-ch Women Rapid 2019"]
[Site "Sochi"]
[Date "2019.10.15"]
[Round "1.9"]
[White "Bivol, Alina"]
[Black "Sukhareva, Valentina"]
[Result "1-0"]
[ECO "A15"]
[WhiteElo "2283"]
[BlackElo "1881"]
[Annotator "NA"]
[PlyCount "89"]
[EventDate "2019.10.15"]
[EventType "swiss"]
[EventCountry "RUS"]
[SourceTitle "playchess.com"]
[Source "ChessBase"]
[SourceQuality "1"]
[TimeControl "900+10"]

1. c4 Nf6 2. g3 g6 3. Bg2 Bg7 4. Nf3 d6 5. d4 O-O 6. O-O Nbd7 7. Nc3 c5 8. b3 cxd4 9. Nxd4 Nc5 10. Bb2 Rb8 11. Rc1 Bg4 12. h3 Bd7 13. Qd2 Qa5 14. Rfd1 Rfe8 15. Kh2 h5 16. Ba1 Kh7 17. Nc2 Qb6 18. Ne3 Bc6 19. Ncd5 Bxd5 20. Nxd5 Bh6 21. Nxf6+ exf6 22. e3 Re6 23. Bd5 Ne4 24. Qc2 Nxf2 25. Bd4 Nxd1 26. Bxb6 Nxe3 27. Bxe3 Rxe3 28. Bxf7 f5 29. Rf1 Rf8 30. Bd5 Rfe8 31. Rf2 b6 32. b4 Bg7 33. Qa4 R8e7 34. h4 Be5 35. Bf3 Bd4 36. Qc6 Re1 37. Rd2 Be5 38. c5 Re3 39. Rf2 f4 40. gxf4 Bxf4+ 41. Kg2 bxc5 42. bxc5 R3e6 43. Bd5 Rf6 44. Qc8 dxc5 45. Qg8+ 1-0

[Event "RUS-ch Women Rapid 2019"]
[Site "Sochi"]
[Date "2019.10.15"]
[Round "1.10"]
[White "Danilova, Rada"]
[Black "Vasilevich, Tatjana"]
[Result "1/2-1/2"]
[ECO "E15"]
[WhiteElo "1843"]
[BlackElo "2265"]
[Annotator "NA"]
[PlyCount "121"]
[EventDate "2019.10.15"]
[EventType "swiss"]
[EventCountry "RUS"]
[SourceTitle "playchess.com"]
[Source "ChessBase"]
[SourceQuality "1"]
[TimeControl "900+10"]

1. d4 Nf6 2. c4 e6 3. Nf3 b6 4. g3 Ba6 5. b3 Bb4+ 6. Bd2 Be7 7. Nc3 Bb7 8. Bg2 O-O 9. O-O Ne4 10. d5 exd5 11. cxd5 Nxd2 12. Qxd2 d6 13. Rac1 a6 14. e4 Nd7 15. Qc2 Re8 16. Rfe1 Bf6 17. b4 Re7 18. Ne2 Nf8 19. Nfd4 g6 20. a4 Qe8 21. Red1 h5 22. h4 Nh7 23. Nf4 Bg7 24. Nc6 Bxc6 25. Qxc6 Qd8 26. Qc2 a5 27. b5 Bh6 28. Qd3 Nf6 29. Rc2 Nd7 30. Qb3 Nc5 31. Qc4 Bxf4 32. gxf4 Re8 33. Rc3 Qxh4 34. e5 dxe5 35. d6 cxd6 36. Rxd6 exf4 37. Rxg6+ Kf8 38. Rh3 Re1+ 39. Kh2 Qxf2 40. Rf3 Qh4+ 41. Rh3 Qf2 42. Rf3 Qh4+ 43. Rh3 Qe7 44. Rxb6 Rd8 45. Rh6 Rd2 46. Qxf4 Rxg2+ 47. Kxg2 Re2+ 48. Kf1 Re1+ 49. Kg2 Re2+ 50. Kf1 Re1+ 51. Kg2 Re2+ 52. Kf1 Re1+ 53. Kg2 Re2+ 54. Kf1 Re1+ 55. Kg2 Re2+ 56. Kf1 Re1+ 57. Kg2 Re2+ 58. Kf1 Re1+ 59. Kg2 Re2+ 60. Kf1 Re1+ 61. Kg2 1/2-1/2

[Event "RUS-ch Women Rapid 2019"]
[Site "Sochi"]
[Date "2019.10.15"]
[Round "1.11"]
[White "Gritsayeva, Oksana"]
[Black "Pavlova, Natalia"]
[Result "1-0"]
[ECO "A28"]
[WhiteElo "2260"]
[BlackElo "1840"]
[Annotator "NA"]
[PlyCount "37"]
[EventDate "2019.10.15"]
[EventType "swiss"]
[EventCountry "RUS"]
[SourceTitle "playchess.com"]
[Source "ChessBase"]
[SourceQuality "1"]
[TimeControl "900+10"]

1. c4 e5 2. Nc3 Nf6 3. Nf3 Nc6 4. e4 Bc5 5. Nxe5 Bxf2+ 6. Kxf2 Nxe5 7. d4 Neg4+ 8. Kg1 h5 9. h3 Nh6 10. e5 Nfg8 11. Qxh5 g6 12. Qf3 Nf5 13. Qf2 d6 14. exd6 cxd6 15. Bf4 g5 16. Bh2 f6 17. Bd3 Nge7 18. g4 Rxh3 19. Bxf5 1-0

[Event "RUS-ch Women Rapid 2019"]
[Site "Sochi"]
[Date "2019.10.15"]
[Round "1.12"]
[White "Sakorenko, Adriana"]
[Black "Karavaeva, Olga"]
[Result "0-1"]
[ECO "A06"]
[WhiteElo "1825"]
[BlackElo "2260"]
[Annotator "NA"]
[PlyCount "50"]
[EventDate "2019.10.15"]
[EventType "swiss"]
[EventCountry "RUS"]
[SourceTitle "playchess.com"]
[Source "ChessBase"]
[SourceQuality "1"]
[TimeControl "900+10"]

1. Nf3 d5 2. g3 c6 3. Bg2 Nf6 4. O-O e6 5. d3 Nbd7 6. Nbd2 Bd6 7. e4 O-O 8. Re1 Qc7 9. c3 b6 10. Qc2 Bb7 11. d4 dxe4 12. Nxe4 Nxe4 13. Qxe4 c5 14. Qe2 h6 15. Be3 Rad8 16. Rad1 Rfe8 17. Rd2 Nf6 18. dxc5 Bxc5 19. Bxc5 Qxc5 20. Ne5 Bxg2 21. Kxg2 Rd5 22. Rxd5 Qxd5+ 23. Qf3 Qxa2 24. Rd1 Qxb2 25. Rd7 Qb5 0-1

[Event "RUS-ch Women Rapid 2019"]
[Site "Sochi"]
[Date "2019.10.15"]
[Round "2.1"]
[White "Borisova, Ekaterina"]
[Black "Pogonina, Natalija"]
[Result "1/2-1/2"]
[ECO "D02"]
[WhiteElo "2347"]
[BlackElo "2501"]
[Annotator "ChessBase"]
[PlyCount "81"]
[EventDate "2019.10.15"]
[EventType "swiss"]
[EventCountry "RUS"]
[SourceTitle "playchess.com"]
[Source "ChessBase"]
[SourceQuality "1"]
[TimeControl "900+10"]

1. d4 d5 2. Nf3 Nf6 3. c4 e6 4. g3 Bb4+ 5. Bd2 Be7 6. Bg2 O-O 7. O-O Nbd7 8. Qc2 c6 9. Bf4 b6 10. Rd1 Ba6 11. Ne5 Rc8 12. Nc3 Nh5 13. cxd5 cxd5 14. Qa4 Nxf4 15. gxf4 Nb8 16. Rac1 Bd6 17. e3 Qe7 18. Nb5 Bxb5 19. Qxb5 Qb7 20. a3 a6 21. Qd3 b5 22. b4 Nd7 23. Bh3 f5 24. Qb3 Rxc1 25. Rxc1 Bxe5 26. fxe5 Rc8 27. Rxc8+ Qxc8 28. Bxf5 exf5 29. Qxd5+ Kh8 30. Qe6 Qd8 31. d5 h6 32. d6 Qg5+ 33. Kf1 Qg4 34. Qd5 f4 35. Qa8+ Kh7 36. Qe4+ Kh8 37. exf4 Qd1+ 38. Kg2 Qg4+ 39. Kf1 Qd1+ 40. Kg2 Qg4+ 41. Kf1 1/2-1/2

[Event "RUS-ch Women Rapid 2019"]
[Site "Sochi"]
[Date "2019.10.15"]
[Round "2.2"]
[White "Bodnaruk, Anastasia"]
[Black "Afonasieva, Anna"]
[Result "0-1"]
[ECO "B12"]
[WhiteElo "2449"]
[BlackElo "2312"]
[Annotator "NA"]
[PlyCount "116"]
[EventDate "2019.10.15"]
[EventType "swiss"]
[EventCountry "RUS"]
[SourceTitle "playchess.com"]
[Source "ChessBase"]
[SourceQuality "1"]
[TimeControl "900+10"]

1. e4 c6 2. d4 d5 3. e5 c5 4. c3 Nc6 5. Be2 cxd4 6. cxd4 Bf5 7. Nf3 e6 8. O-O Bb4 9. a3 Ba5 10. b4 Bb6 11. Nc3 Nge7 12. Na4 O-O 13. Bb2 Bg4 14. Rc1 Ng6 15. Qd2 f6 16. Nxb6 axb6 17. Rfe1 fxe5 18. Nxe5 Ncxe5 19. dxe5 Bxe2 20. Qxe2 Nf4 21. Qf3 Rf5 22. Kh1 Qh4 23. Qe3 Rh5 24. h3 Qg4 25. Qg3 Qxg3 26. fxg3 Nd3 27. g4 Rg5 28. Re2 Nxc1 29. Bxc1 Rg6 30. Rc2 d4 31. Kg1 h5 32. g5 d3 33. Rc7 Rd8 34. Bd2 Rd5 35. Kf2 Rxe5 36. Be3 Rd5 37. Ke1 e5 38. Rxb7 Rc6 39. a4 Rc2 40. Bd2 Rd6 41. Re7 Ra2 42. a5 bxa5 43. bxa5 Kf8 44. Rxe5 Kf7 45. Rf5+ Ke8 46. Re5+ Kd7 47. h4 Re6 48. Rxe6 Kxe6 49. g3 g6 50. Bc3 Kd5 51. Bd2 Kd4 52. g4 hxg4 53. h5 gxh5 54. g6 g3 55. Kf1 g2+ 56. Kg1 Ke4 57. g7 Kf3 58. Kh2 Ra1 0-1

[Event "RUS-ch Women Rapid 2019"]
[Site "Sochi"]
[Date "2019.10.15"]
[Round "2.3"]
[White "Utiatskaja, Irina"]
[Black "Voit, Daria"]
[Result "0-1"]
[ECO "B75"]
[WhiteElo "2172"]
[BlackElo "2361"]
[Annotator "NA"]
[PlyCount "62"]
[EventDate "2019.10.15"]
[EventType "swiss"]
[EventCountry "RUS"]
[SourceTitle "playchess.com"]
[Source "ChessBase"]
[SourceQuality "1"]
[TimeControl "900+10"]

1. e4 c5 2. Nf3 d6 3. d4 cxd4 4. Nxd4 Nf6 5. Nc3 g6 6. Be3 Bg7 7. f3 Nc6 8. Qd2 O-O 9. g4 Be6 10. Nxe6 fxe6 11. O-O-O Ne5 12. Be2 Qc8 13. Rhe1 Nc4 14. Bxc4 Qxc4 15. Bd4 Nd7 16. Bxg7 Kxg7 17. f4 b5 18. b3 Qb4 19. Qe3 Rac8 20. Ne2 Qa3+ 21. Kb1 Rxc2 22. Kxc2 Qxa2+ 23. Kc1 Rc8+ 24. Nc3 Qxb3 25. Rd3 Nc5 26. Red1 Nxd3+ 27. Rxd3 b4 28. Qxa7 Rxc3+ 29. Rxc3 Qxc3+ 30. Kb1 Kf7 31. Qb7 b3 0-1

[Event "RUS-ch Women Rapid 2019"]
[Site "Sochi"]
[Date "2019.10.15"]
[Round "2.4"]
[White "Ambartsumova, Karina"]
[Black "Styazhkina, Anna"]
[Result "1-0"]
[ECO "A28"]
[WhiteElo "2336"]
[BlackElo "2280"]
[Annotator "NA"]
[PlyCount "51"]
[EventDate "2019.10.15"]
[EventType "swiss"]
[EventCountry "RUS"]
[SourceTitle "playchess.com"]
[Source "ChessBase"]
[SourceQuality "1"]
[TimeControl "900+10"]

1. c4 e5 2. Nc3 Nf6 3. Nf3 Nc6 4. a3 d5 5. cxd5 Nxd5 6. Qc2 Be7 7. e4 Nf4 8. d4 Ng6 9. d5 Nb8 10. Bd3 O-O 11. O-O a5 12. Rd1 Na6 13. Be3 Nc5 14. Be2 f5 15. d6 cxd6 16. Bxc5 Qc7 17. Qb3+ Kh8 18. Bxd6 Bxd6 19. Nb5 Qe7 20. Nxd6 fxe4 21. Nxe4 Nf4 22. Re1 Bg4 23. Rad1 Ra6 24. Bxa6 bxa6 25. Re3 Ne6 26. Rde1 1-0

[Event "RUS-ch Women Rapid 2019"]
[Site "Sochi"]
[Date "2019.10.15"]
[Round "2.5"]
[White "Markelova, Lubov"]
[Black "Guseva, Marina"]
[Result "1-0"]
[ECO "A05"]
[WhiteElo "2198"]
[BlackElo "2335"]
[Annotator "NA"]
[PlyCount "71"]
[EventDate "2019.10.15"]
[EventType "swiss"]
[EventCountry "RUS"]
[SourceTitle "playchess.com"]
[Source "ChessBase"]
[SourceQuality "1"]
[TimeControl "900+10"]

1. Nf3 Nf6 2. c4 e6 3. e3 d5 4. d4 c5 5. cxd5 exd5 6. Bb5+ Nc6 7. Nc3 a6 8. Bxc6+ bxc6 9. O-O Bd6 10. dxc5 Bxc5 11. b3 O-O 12. Bb2 Bg4 13. Rc1 Bd6 14. Ne2 Rc8 15. Qd3 Ne4 16. Ng3 Re8 17. Rfd1 a5 18. Qd4 f6 19. Qd3 Qd7 20. Qe2 Ng5 21. Rd4 h5 22. h4 Ne4 23. Nxe4 dxe4 24. Qd2 exf3 25. Rxd6 Qf5 26. Qd4 fxg2 27. Rc5 Qf3 28. Rg5 Re7 29. Rd8+ Rxd8 30. Qxd8+ Kh7 31. Qxe7 Qd1+ 32. Kxg2 Qf3+ 33. Kg1 Qd1+ 34. Kg2 Qf3+ 35. Kg1 Qd1+ 36. Kh2 1-0

[Event "RUS-ch Women Rapid 2019"]
[Site "Sochi"]
[Date "2019.10.15"]
[Round "2.6"]
[White "Maltsevskaya, Aleksandra"]
[Black "Samigullina, Diana"]
[Result "0-1"]
[ECO "B32"]
[WhiteElo "2304"]
[BlackElo "2161"]
[Annotator "NA"]
[PlyCount "90"]
[EventDate "2019.10.15"]
[EventType "swiss"]
[EventCountry "RUS"]
[SourceTitle "playchess.com"]
[Source "ChessBase"]
[SourceQuality "1"]
[TimeControl "900+10"]

1. e4 c5 2. Nf3 Nc6 3. d4 cxd4 4. Nxd4 e5 5. Nb5 d6 6. N1c3 a6 7. Na3 b5 8. Nd5 Nf6 9. Bg5 Be7 10. Bxf6 Bxf6 11. c3 Bg5 12. Nc2 O-O 13. a4 bxa4 14. Rxa4 a5 15. Bc4 Rb8 16. b3 Kh8 17. O-O f5 18. exf5 Bxf5 19. Nce3 Bg6 20. Qg4 e4 21. Qd1 Ne5 22. Be2 Bh6 23. Ng4 Nxg4 24. Bxg4 Rb5 25. Rd4 Qb8 26. Ne7 Bf7 27. c4 Rxb3 28. Nc6 Qb6 29. Rxd6 Rd3 30. Rxd3 exd3 31. Ne5 Qd4 32. Re1 Bxc4 33. Nxc4 Qxc4 34. Be6 Qd4 35. Kh1 Qxf2 36. Bc4 d2 37. Rf1 Qc5 38. h3 g6 39. Rxf8+ Qxf8 40. Qa1+ Bg7 41. Qd1 Qf2 42. Be2 Qe1+ 43. Kh2 Be5+ 44. g3 Bxg3+ 45. Kg2 Qf2+ 0-1

[Event "RUS-ch Women Rapid 2019"]
[Site "Sochi"]
[Date "2019.10.15"]
[Round "2.7"]
[White "Goltseva, Ekaterina"]
[Black "Charochkina, Daria"]
[Result "1-0"]
[ECO "A41"]
[WhiteElo "2317"]
[BlackElo "2289"]
[Annotator "NA"]
[PlyCount "77"]
[EventDate "2019.10.15"]
[EventType "swiss"]
[EventCountry "RUS"]
[SourceTitle "playchess.com"]
[Source "ChessBase"]
[SourceQuality "1"]
[TimeControl "900+10"]

1. d4 d6 2. c4 e5 3. Nc3 exd4 4. Qxd4 Nc6 5. Qd2 Be6 6. b3 Nf6 7. Bb2 d5 8. cxd5 Nxd5 9. Nxd5 Bxd5 10. O-O-O Be6 11. Qxd8+ Rxd8 12. Rxd8+ Kxd8 13. e4 Bc5 14. Bxg7 Rg8 15. Bf6+ Kc8 16. f3 a5 17. g3 Kb8 18. Kb1 a4 19. Bh3 axb3 20. Bxe6 fxe6 21. axb3 e5 22. g4 Rf8 23. g5 Be7 24. Bxe7 Nxe7 25. h4 Rd8 26. Kc2 Nc6 27. Rh2 Nb4+ 28. Kc3 Rd1 29. Kxb4 Rxg1 30. Rd2 Kc8 31. Rd5 Rh1 32. Rxe5 Rxh4 33. Re7 Kd8 34. Rf7 Rh1 35. f4 Re1 36. e5 Re4+ 37. Kc5 Re3 38. Rxh7 Rxb3 39. g6 1-0

[Event "RUS-ch Women Rapid 2019"]
[Site "Sochi"]
[Date "2019.10.15"]
[Round "2.8"]
[White "Kovanova, Baira"]
[Black "Filippova, Darya"]
[Result "1-0"]
[ECO "A05"]
[WhiteElo "2288"]
[BlackElo "2034"]
[Annotator "NA"]
[PlyCount "71"]
[EventDate "2019.10.15"]
[EventType "swiss"]
[EventCountry "RUS"]
[SourceTitle "playchess.com"]
[Source "ChessBase"]
[SourceQuality "1"]
[TimeControl "900+10"]

1. Nf3 Nf6 2. c4 e6 3. e3 b6 4. b3 Bb7 5. Bb2 d5 6. Be2 Be7 7. O-O O-O 8. Nc3 dxc4 9. bxc4 c5 10. Qc2 Nc6 11. a3 Rc8 12. Rac1 Rc7 13. Ba1 Rd7 14. d3 Qa8 15. Rfe1 Rfd8 16. Bf1 Ng4 17. h3 Nge5 18. Nxe5 Nxe5 19. Rcd1 Bf6 20. Nb5 Ng6 21. Bxf6 gxf6 22. f4 Kg7 23. Qf2 Rg8 24. f5 Ne7 25. fxe6 fxe6 26. e4 Kf7 27. Re3 a6 28. Nc3 Nc6 29. Qh4 Rg7 30. Rf3 Qd8 31. Rf2 Ne5 32. Be2 Ng6 33. Bh5 Rxd3 34. Rxd3 Qxd3 35. Qxf6+ Kg8 36. Nd5 1-0

[Event "RUS-ch Women Rapid 2019"]
[Site "Sochi"]
[Date "2019.10.15"]
[Round "2.9"]
[White "Mukhina, Jana"]
[Black "Bivol, Alina"]
[Result "0-1"]
[ECO "C03"]
[WhiteElo "2105"]
[BlackElo "2283"]
[Annotator "NA"]
[PlyCount "112"]
[EventDate "2019.10.15"]
[EventType "swiss"]
[EventCountry "RUS"]
[SourceTitle "playchess.com"]
[Source "ChessBase"]
[SourceQuality "1"]
[TimeControl "900+10"]

1. e4 e6 2. d4 d5 3. Nd2 Be7 4. Bd3 c5 5. dxc5 Nf6 6. Qe2 a5 7. c4 dxe4 8. Nxe4 Na6 9. c6 bxc6 10. Be3 Bb4+ 11. Nd2 Nc5 12. Bc2 Nce4 13. Ngf3 Ba6 14. O-O Nxd2 15. Nxd2 O-O 16. Rfd1 Qe7 17. Ba4 Rac8 18. Rac1 h6 19. Qf3 Rfd8 20. a3 Bd6 21. Ne4 Nxe4 22. Qxe4 c5 23. Qg4 f5 24. Qf3 Bb7 25. Qe2 Qh4 26. g3 Qe4 27. f3 Qxf3 28. Qxf3 Bxf3 29. Rf1 Be4 30. Bd2 Be5 31. Bc3 Bxc3 32. Rxc3 Rd2 33. Rf2 Rcd8 34. Re3 R8d4 35. Bb3 h5 36. h4 Kh7 37. Rfe2 Kg6 38. Kf2 Kf6 39. Rxd2 Rxd2+ 40. Re2 Rd3 41. Re3 Rd8 42. Ba4 Ke5 43. Bb5 Rd1 44. b4 axb4 45. axb4 cxb4 46. Rb3 Rb1 47. Rxb1 Bxb1 48. Ke3 b3 49. c5 b2 50. c6 Kd6 51. Bc4 Be4 52. Ba2 b1=Q 53. Bxb1 Bxb1 54. Kf4 Kxc6 55. Kg5 e5 56. Kxh5 e4 0-1